 Dungeon Crawl Stone Soup version 0.14.1-26-g5a19342 (webtiles) character file.

186 Konstantin the Vexing (level 4, -2/22 HPs)
             Began as a Vine Stalker Enchanter on July 9, 2014.
             Slain by an iguana (11 damage)
             ... on Level 2 of the Dungeon.
             The game lasted 00:28:34 (2169 turns).

Konstantin the Vexing (Vine Stalker Enchanter)      Turns: 2169, Time: 00:28:35

HP  -2/22        AC  3     Str 10      XL: 4   Next: 45%
MP   0/9         EV 11     Int 16      God:
Gold 102         SH  0     Dex 15      Spells:  4 memorised,  0 levels left

rFire  . . .     SeeInvis +     k - +0 short sword (curse)
rCold  . . .     Clarity  .     v - +0 leather armour
rNeg   . . .     Conserve .     (no shield)
rPois  .         rCorr    .     (no helmet)
rElec  .         rRot     +     (no cloak)
SustAb . .       Spirit   +     (no gloves)
rMut   .         Warding  .     (no boots)
Saprov . . .     Stasis   .     (no amulet)
MR     +....                    d - ring of protection from magic {unknown}
                                q - ring of see invisible {unknown}

@: somewhat resistant to hostile enchantments, fairly stealthy
A: fangs 2, regeneration 1, magic shield, antimagic bite, no device heal
a: no special abilities


You were on level 2 of the Dungeon.
You were not hungry.

You visited 1 branch of the dungeon, and saw 3 of its levels.

You collected 102 gold pieces.

Inventory:

Hand weapons
 a - a +1,+1 dagger
 g - a +0,+0 dagger
 h - a +0,+0 short sword
 k - a cursed +0,+0 short sword (weapon)
 l - a +2,+0 short sword
Armour
 v - a +0 leather armour (worn)
Comestibles
 f - 2 bread rations
 o - 2 apples
 w - a chunk of giant cockroach flesh
 x - a chunk of adder flesh
Scrolls
 b - a scroll of enchant armour {unknown}
 j - 2 scrolls of teleportation
 m - a scroll of random uselessness {unknown}
 n - a scroll of recharging {unknown}
 p - a scroll of remove curse {unknown}
 s - a scroll of magic mapping {unknown}
 t - a scroll of enchant weapon II {unknown}
 u - a scroll of amnesia {unknown}
Jewellery
 d - a ring of protection from magic (right hand) {unknown}
 q - a ring of see invisible (left hand) {unknown}
Potions
 e - 3 potions of curing
 i - a potion of confusion {unknown}
Books
 c - a book of Maledictions

   Spells                             Type                      Level
   *Corona                            Hexes                        1
   *Sure Blade                        Hexes/Charms                 2
   *Ensorcelled Hibernation           Hexes/Ice                    2
   *Confuse                           Hexes                        3
   Enslavement                        Hexes                        4
   Invisibility                       Hexes                        6


   Skills:
 * Level 1.1 Fighting
 * Level 2.0 Short Blades
 - Level 0.8 Throwing
 * Level 2.3 Dodging
 + Level 2.7 Stealth
 * Level 2.5 Spellcasting
 * Level 3.1 Hexes
 + Level 0.4 Charms
 + Level 0.4 Ice Magic


You couldn't memorise any spells.
You knew the following spells:

 Your Spells              Type           Power        Failure   Level  Hunger
a - Corona                Hex            ##.....      8%          1    #......
b - Ensorcelled Hibernat  Hex/Ice        #.....       17%         2    ##.....
c - Sure Blade            Hex/Chrm       #.........   17%         2    ##.....
d - Confuse               Hex            ##......     17%         3    ###....


Dungeon Overview and Level Annotations

Branches:
Dungeon (3/15)

Altars:


Innate Abilities, Weirdness & Mutations

You are immune to rotting.
You have extremely sharp teeth.
Your natural rate of healing is unusually fast.
When hurt, damage is shared between your health and your magic reserves.
Your bite disrupts and absorbs the magic of your enemies.
Potions and wands cannot restore your HP.


Message History

Press: ? - help, Shift-Dir - straight line, f - iguana
Aim: an iguana The iguana looks drowsy...
The hobgoblin completely misses you.
The helpless iguana fails to defend itself.
You slash the iguana! You bite the iguana, but do no damage.
The iguana is severely wounded.
The iguana bites you!
The hobgoblin hits you but does no damage.
You closely miss the iguana. You bite the iguana. You drain its power.
You feel invigorated.
The iguana is almost dead.
The iguana closely misses you. The hobgoblin closely misses you.
You hit the iguana but do no damage.
The iguana is almost dead.
The iguana bites you! The hobgoblin barely misses you.
You hit the iguana but do no damage. Your bite misses the iguana.
The iguana is almost dead.
The iguana bites you!
Ouch! That really hurt!
You die...

####..##.#.##.....##.###
...........#####..##...#
...................+...#
..####..##.#####..##...####
..# #..#.................#
#.# #..#..#####.#........#
#.# #.....# #.#........#
#.####..#..# #g#........#
........#..# #@+........#
..####.##.## #l#........#
### #....# #.#........# #
###### #.###'###### #
#.....# # #.###.# # #.# #.#
# #.# #.# #.# #.#


You could see an iguana and a hobgoblin.

Vanquished Creatures
  Terence (D:3)
  3 adders
  2 worms (D:2)
  2 bats
  4 giant cockroaches
  3 hobgoblins
  A ball python (D:2)
  A giant newt (D:1)
  8 goblins
  3 kobolds (D:1)
  6 rats
34 creatures vanquished.

Notes
Turn   | Place    | Note
--------------------------------------------------------------
     0 | D:1      | Konstantin, the Vine Stalker Enchanter, began the quest for the Orb.
     0 | D:1      | Reached XP level 1. HP: 9/9 MP: 3/3
    81 | D:1      | Reached skill level 1 in Short Blades
   200 | D:1      | Reached XP level 2. HP: 11/13 MP: 6/6
   209 | D:1      | Learned a level 2 spell: Ensorcelled Hibernation
   212 | D:1      | Learned a level 2 spell: Sure Blade
   862 | D:2      | Reached XP level 3. HP: 17/17 MP: 4/7
  1441 | D:2      | Reached XP level 4. HP: 12/21 MP: 1/9
  1516 | D:2      | Learned a level 3 spell: Confuse
  1932 | D:3      | Noticed Terence
  1939 | D:3      | Killed Terence
  1939 | D:3      | Reached skill level 1 in Fighting
  2169 | D:2      | Slain by an iguana

Action                   |  1- 3 |  4- 6 || total
-------------------------+-------+-------++-------
Melee: Dagger            |    12 |       ||    12
       Short sword       |    90 |    15 ||   105
Throw: Dart              |    40 |       ||    40
 Cast: Corona            |     8 |       ||     8
       Ensorcelled Hiber |    12 |     3 ||    15
       Confuse           |       |     1 ||     1
  Use: Potion            |     1 |       ||     1
       Scroll            |     2 |       ||     2
 Stab: Sleeping          |     7 |     6 ||    13
       Distracted        |       |     1 ||     1
